Map: Dragon Scales LE

Players

winzboy - Winner!

  • Race: Protoss Protoss
  • Spawn Location: 5:00

VOD

Have the link to the VOD?

Description

Time

  • Played on: May 17, 2023, 4:13 a.m.
  • Length: 18:49
Show
View Real Time Build Order
Export as new Build Order

winzboy Protoss - Winner!

Build Orders:  

Get SALT Encoding   

  12  0:05  Probe (Chrono Boost)  
  13  0:28  Probe (Chrono Boost)  
  13  0:29  Pylon  
  14  0:57  Probe (Chrono Boost)  
  14  0:58  Gateway  
  15  1:14  Probe (Chrono Boost)  
  16  1:20  Assimilator  
  17  1:31  Probe (Chrono Boost)  
  17  1:48  Probe (Chrono Boost)  
  18  2:05  Probe (Chrono Boost)  
  19  2:13  Nexus  
  19  2:40  Pylon  
  19  2:53  Probe (Chrono Boost)  
  21  3:10  Probe (Chrono Boost)  
  21  3:30  Cybernetics Core  
  21  3:36  Probe (Chrono Boost)  
  22  3:51  Assimilator  
  22  3:53  Probe (Chrono Boost)  
  23  4:03  Probe (Chrono Boost)  
  25  4:10  Probe (Chrono Boost)  
  25  4:18  Probe (Chrono Boost)  
  28  4:33  Probe  
  28  4:34  Probe  
  30  4:50  Probe  
  30  4:51  Unknown, Probe  
  32  5:00  Robotics Facility  
  32  5:07  Probe  
  32  5:08  Probe  
  32  5:09  Shield Battery  
  36  5:20  Stalker (Chrono Boost)  
  36  5:24  Probe  
  37  5:39  Probe  
  38  5:41  Probe  
  38  5:47  Warp Gate, Assimilator  
  38  5:49  Assimilator  
  39  5:56  Probe, Sentry (Chrono Boost)  
  39  5:58  Probe  
  43  6:09  Observer  
  44  6:13  Probe  
  44  6:15  Probe  
  46  6:35  Pylon  
  46  6:38  Pylon  
  46  7:00  Probe x2  
  48  7:11  Forge  
  48  7:13  Twilight Council  
  48  7:17  Probe x2, Pylon  
  50  7:34  Probe x2  
  50  7:37  Immortal  
  56  7:51  Probe x2  
  58  8:07  Probe x2  
  60  8:10  Protoss Ground Weapons Level 1  
  60  8:24  Probe x2  
  60  8:29  Pylon  
  62  8:32  Gateway  
  62  8:35  Gateway  
  62  8:37  Gateway  
  62  8:41  Probe x2, Gateway  
  62  8:42  Gateway x2  
  62  8:45  Gateway  
  64  8:58  Probe x2  
  66  9:09  Immortal  
  70  9:15  Probe x2  
  72  9:32  Probe x2  
  74  9:49  Probe  
  75  10:04  Warp Prism  
  77  10:30  Nexus  
  77  10:34  Pylon  
  77  10:37  Pylon  
  77  10:40  Pylon  
  77  10:43  Pylon  
  77  10:46  Charge (Chrono Boost)  
  77  11:06  Pylon  
  77  11:09  Pylon  
  77  11:12  Pylon  
  77  11:16  Pylon  
  77  11:21  Zealot  
  77  11:22  Zealot x2  
  77  11:23  Zealot x2  
  77  11:24  Zealot  
  77  11:25  Zealot x2  
  93  11:48  Immortal  
  97  12:56  Zealot x2  
  97  12:57  Zealot x2  
  97  12:58  Zealot x2  
  97  12:59  Zealot  
  111  13:08  Pylon  
  111  13:10  Pylon  
  111  13:14  Pylon  
  111  13:17  Pylon  
  111  13:41  Robotics Facility  
  111  13:44  Robotics Facility  
  111  13:47  Robotics Facility  
  111  13:56  Templar Archives  
  111  13:57  Immortal  
  115  14:03  Stalker x2  
  115  14:04  Stalker  
  115  14:05  Zealot, Stalker  
  115  14:06  Zealot x2  
  115  14:07  Zealot  
  131  14:43  Robotics Bay  
  131  14:48  Pylon  
  131  14:50  Pylon  
  131  14:52  Immortal  
  135  15:02  High Templar x2  
  135  15:03  High Templar  
  135  15:04  High Templar x2  
  135  15:05  High Templar x2  
  135  15:06  High Templar  
  151  15:18  Immortal x2  
  159  15:34  Assimilator  
  159  15:37  Assimilator  
  159  15:47  Immortal  
  163  15:51  Colossus  
  169  16:06  Archon x3  
  169  16:07  Archon  
  169  16:13  Colossus x2  
  181  16:42  Colossus  
  187  17:05  Sentry  
  187  17:06  Colossus  
  193  18:21  Unknown  
Tags
 
Add a new tag
Caveats
  • Supply blocks, unpowered buildings, or Contaminate may cause inaccurate times.
  • Supply counts are checked every 10 seconds.